 Dungeon Crawl Stone Soup version 0.29.0-4-gdea44cf6ec (webtiles) character file.

Game seed: 6901803260487725128

68 qw the Chopper (level 4, -1/26 HPs)
             Began as a Tengu Warper on Aug 28, 2022.
             Slain by Terence
             ... wielding a +0 morningstar
              (11 damage)
             ... on level 3 of the Dungeon.
             The game lasted 00:00:15 (2524 turns).

qw the Chopper (Tengu Warper)                       Turns: 2524, Time: 00:00:15

Health: -1/26      AC: 10    Str: 13    XL:     4   Next: 19%
Magic:  8/8        EV:  6    Int: 14    God:
Gold:   65         SH:  0    Dex: 13    Spells: 7/7 levels left

rFire   . . .      SeeInvis .   Y - +1 hand axe
rCold   . . .      Faith    .   (no shield)
rNeg    . . .      Spirit   .   a - +2 chain mail {rPois}
rPois   +          Reflect  .   (helmet restricted)
rElec   .          Harm     .   (no cloak)
rCorr   .          Rampage  .   (no gloves)
Will    .....                   (boots unavailable)
Stlth   ..........              (no amulet)
HPRegen 0.08/turn               (no ring)
MPRegen 0.11/turn               (no ring)

@: no status effects
A: beak, talons 3
a: no special abilities


You were on level 3 of the Dungeon.
You visited 1 branch of the dungeon, and saw 3 of its levels.

You collected 93 gold pieces.
You spent 28 gold pieces at shops.


Innate Abilities, Weirdness & Mutations

You have a beak for a mouth.
You have claws for feet.


   Skills:
 - Level 2.0 Fighting
 + Level 4.8 Axes
 - Level 1.0 Throwing
 - Level 1.1 Armour
 - Level 2.1 Dodging
 - Level 2.0 Spellcasting
 - Level 2.4 Translocations


You had 7 spell levels left.
You didn't know any spells.
Your spell library contained the following spells:

 Spells                   Type           Power      Damage    Failure   Level
 Blink                    Tloc           16%        N/A       99%         2
 Gell's Gravitas          Tloc           8%         N/A       100%        3
 Lesser Beckoning         Tloc           8%         N/A       100%        3
 Teleport Other           Tloc           8%         N/A       100%        3
 Manifold Assault         Tloc           8%         N/A       100%        5

Inventory:

Hand Weapons
 c - a +0 whip
 Y - a +1 hand axe (weapon)
Armour
 a - a +2 chain mail of poison resistance (worn)
Scrolls
 j - a scroll of identify
Potions
 b - a potion of heal wounds {unknown}
 f - a potion of might
 g - a potion of haste

Dungeon Overview and Level Annotations

Branches:
Dungeon (3/15)

Altars:
Xom

Shops:
D:1 ?   D:2 (

Annotations:
D:3 Terence


Message History

There is a stone staircase leading up here.
Existing waypoints: (1) D:2 (2) D:1 Assign waypoint to what number? (0-9, D - delete waypoint) Waypoint 2 re-assigned from D:1 to D:3.
Found a short sword.
b - a fizzy orange potion
Found a book of Unlife.
You see here a book of Unlife.
A bat comes into view.
Found a stone staircase leading down.
The bat barely misses you. The bat barely misses you.
The bat hits you but does no damage.
You hit the bat. Your peck misses the bat.
The bat is heavily wounded.
The bat closely misses you.
You hit the bat.
You kill the bat!
Terence the Incautious comes into view.
He is wielding a +0 morningstar.
Terence shouts!
You slash Terence! You claw Terence, but do no damage.
Terence is heavily wounded.
Terence barely misses you.
You closely miss Terence. You peck Terence, but do no damage.
Terence is heavily wounded.
Terence barely misses you.
You closely miss Terence. Your kick misses Terence. Your punch misses Terence.
Terence is heavily wounded.
A bat comes into view.
Terence hits you with a +0 morningstar.
The bat moves out of view.
You hit Terence. You claw Terence, but do no damage. You peck Terence.
Terence is severely wounded.
Terence barely misses you.
You barely miss Terence.
Terence is severely wounded.
Terence hits you with a +0 morningstar!
You closely miss Terence. You peck Terence.
Terence is almost dead.
Terence hits you with a +0 morningstar!
You die...

...... #....
....... #....
....... #...
.....# #..#
.....# #..#
.....
#.%###b..
#....#@#+#.#.
#.##.@..>....
#.#..#.#.#.##
#.#..#.#
#.#.....
#.#.##.## #.#.
.#
####.########(
#.....<.......
#.##.#........


You could see Terence and a bat.

Vanquished Creatures
  3 adders (D:2)
  A worm (D:2)
  2 dart slugs
  A bat (D:3)
  An endoplasm (D:2)
  3 giant cockroaches (D:2)
  3 hobgoblins
  4 quokkas
  5 frilled lizards
  4 goblins
  4 kobolds (D:2)
  6 rats
37 creatures vanquished.

Notes
Turn   | Place    | Note
-------+----------+-------------------------------------------
     0 | D:1      | qw the Tengu Warper began the quest for the Orb.
     0 | D:1      | Reached XP level 1. HP: 12/12 MP: 4/4
     0 | D:1      | 0 ||| qw: Version: 0.1-a-89-g26bdef1
     0 | D:1      | 0 ||| qw: Game counter: 359
     0 | D:1      | 0 ||| qw: Always use a shield: true
     0 | D:1      | 0 ||| qw: God list: Okawaru
     0 | D:1      | 0 ||| qw: Allow faded altars: false
     0 | D:1      | 0 ||| qw: Do Orc after D:15 true
     0 | D:1      | 0 ||| qw: Do second Lair branch before Depths: true
     0 | D:1      | 0 ||| qw: Lair rune preference: random
     0 | D:1      | 0 ||| qw: Plans: Normal
     0 | D:1      | 0 ||| PLANNING D:1-11
   162 | D:1      | Found a faded altar of an unknown god.
   204 | D:1      | 204 ||| Stepping ~*~*~tactically~*~*~ (hiding).
   306 | D:1      | 306 ||| Stepping ~*~*~tactically~*~*~ (hiding).
   408 | D:1      | 408 ||| Stepping ~*~*~tactically~*~*~ (hiding).
   510 | D:1      | 510 ||| Stepping ~*~*~tactically~*~*~ (hiding).
   612 | D:1      | 612 ||| Stepping ~*~*~tactically~*~*~ (hiding).
   613 | D:1      | 613 ||| Stepping ~*~*~tactically~*~*~ (hiding).
   623 | D:1      | Reached skill level 3 in Axes
   623 | D:1      | Reached XP level 2. HP: 14/17 MP: 6/6
   695 | D:1      | Found Papsounk's Magic Scroll Emporium.
   698 | D:1      | 698 ||| SHOPLISTING scroll of enchant armour (105 gold,
                  | have 29).
   698 | D:1      | 698 ||| BUYING scroll of identify (28 gold).
   698 | D:1      | Bought a scroll of identify for 28 gold pieces
   698 | D:1      | 698 ||| SHOPLISTING scroll of identify (28 gold, have 1).
  1156 | D:1      | 1156 ||| UPGRADING to +0 scale mail.
  1166 | D:1      | 1166 ||| DROPPING +0 leather armour.
  1167 | D:1      | 1167 ||| READING scroll labelled UHAASO TAEL.
  1168 | D:1      | 1168 ||| READING scroll labelled QIELEI ARPHE.
  1173 | D:1      | 1173 ||| DRINKING 2 bubbling orange potions.
  1223 | D:1      | 1223 ||| READING 2 scrolls of identify.
  1223 | D:1      | 1223 ||| IDENTIFYING yellow potion
  1224 | D:1      | 1224 ||| DROPPING scroll of blinking.
  1225 | D:1      | 1225 ||| DROPPING potion of flight.
  1226 | D:1      | 1226 ||| DROPPING potion of lignification.
  1240 | D:2      | Found a shimmering altar of Xom.
  1244 | D:2      | 1244 ||| Stepping ~*~*~tactically~*~*~ (stealth).
  1248 | D:2      | 1248 ||| Stepping ~*~*~tactically~*~*~ (stealth).
  1311 | D:2      | 1311 ||| Stepping ~*~*~tactically~*~*~ (stealth).
  1313 | D:2      | 1313 ||| Stepping ~*~*~tactically~*~*~ (stealth).
  1314 | D:2      | 1314 ||| Stepping ~*~*~tactically~*~*~ (stealth).
  1315 | D:2      | 1315 ||| Stepping ~*~*~tactically~*~*~ (stealth).
  1325 | D:2      | Reached skill level 4 in Axes
  1325 | D:2      | Reached XP level 3. HP: 14/21 MP: 7/7
  1376 | D:2      | 1376 ||| FLEEEEING.
  1377 | D:2      | 1377 ||| FLEEEEING.
  1378 | D:2      | 1378 ||| FLEEEEING.
  1379 | D:2      | 1379 ||| FLEEEEING.
  1381 | D:2      | 1381 ||| FLEEEEING.
  1382 | D:2      | 1382 ||| STAIRDANCE
  1429 | D:2      | 1429 ||| STAIRDANCE
  1692 | D:2      | 1692 ||| Stepping ~*~*~tactically~*~*~ (stealth).
  1744 | D:2      | 1744 ||| DROPPING +0 club.
  1787 | D:2      | 1787 ||| Stepping ~*~*~tactically~*~*~ (stealth).
  1860 | D:2      | Found Zapeahy's Weapon Emporium.
  2025 | D:2      | 2025 ||| Stepping ~*~*~tactically~*~*~ (stealth).
  2057 | D:2      | 2057 ||| Stepping ~*~*~tactically~*~*~ (stealth).
  2059 | D:2      | 2059 ||| Stepping ~*~*~tactically~*~*~ (stealth).
  2180 | D:2      | Reached XP level 4. HP: 25/26 MP: 8/8
  2357 | D:2      | 2357 ||| UPGRADING to +2 chain mail of poison resistance.
  2367 | D:2      | 2367 ||| DROPPING +0 scale mail.
  2368 | D:2      | 2368 ||| READING scroll labelled UFRUBR UP BIE.
  2369 | D:2      | 2369 ||| READING 2 scrolls labelled HUYCAU PACIA.
  2470 | D:2      | 2470 ||| READING scroll labelled ELAATW EPSUPIL.
  2471 | D:2      | 2471 ||| READING scroll labelled YLEKYS DUMAMOPN.
  2472 | D:2      | 2472 ||| READING 2 scrolls of identify.
  2472 | D:2      | 2472 ||| IDENTIFYING green potion
  2473 | D:2      | 2473 ||| DROPPING scroll of silence.
  2516 | D:3      | Noticed Terence
  2524 | D:3      | Slain by Terence

Levels and vault maps discovered:
D:1:      dpeg_arrival_solitude, layout_basic, serial_shops,
          nicolae_shop_crystal, ebering_ecumenical_altar_sacrificial
D:2:      layout_basic, serial_shops, nicolae_shop_bloodbath_and_beyond,
          basic_altar, minmay_pentomino_r4
D:3:      layout_basic, kennysheep_generic_room_10, uniq_natasha, uniq_terence,
          uniq_robin

Skill      XL: |  1  2 |
---------------+-------+-----
Axes           | 3 4 |  4.8
Fighting       | |  2.0
Throwing       | |  1.0
Armour         | |  1.1
Dodging        | |  2.1
Spellcasting   | |  2.0
Translocations | |  2.4

Action                   |  1- 3 |  4- 6 || total
-------------------------+-------+-------++-------
Melee: Hand axe          |    92 |    10 ||   102
       Peck              |     7 |     3 ||    10
       Kick              |    14 |     3 ||    17
Throw: Boomerang         |     7 |       ||     7
  Use: Scroll            |     3 |     5 ||     8
       Potion            |     1 |       ||     1
Armor: Leather armour    |     3 |       ||     3
       Scale mail        |    25 |       ||    25
       Chain mail        |       |     1 ||     1
Dodge: Dodged            |    39 |     6 ||    45

Table legend:
 A = Non-vault XP
 B = Vault XP
 C = Vault XP percentage of total XP
 D = Non-vault monster count
 E = Vault monster count
 F = Vault count percentage of total count
                 A         B        C        D         E       F
            +---------+---------+-------+---------+---------+-------
      Total |      78 |      20 |  20.4 |      34 |       3 |   8.1
            +---------+---------+-------+---------+---------+-------
        D:1 |      15 |       0 |   0.0 |       9 |       0 |   0.0
        D:2 |      61 |      20 |  24.7 |      24 |       3 |  11.1
        D:3 |       2 |       0 |   0.0 |       1 |       0 |   0.0
            +---------+---------+-------+---------+---------+-------
